Map: 2000 Atmospheres LE

Players

A.I. 1 (Very Easy)

  • Race: Zerg Zerg

Koda - Winner!

  • Race: Terran Terran
  • League: Master

VOD

Have the link to the VOD?

Description

Time

  • Played on: April 17, 2021, 1:27 p.m.
  • Length: 7:05
Show
View Real Time Build Order
Export as new Build Order

A.I. 1 (Very Easy) Zerg 

Build Orders: Pool Only 

Get SALT Encoding   

  12  0:01  Drone  
  13  0:12  Overlord  
  13  0:16  Drone  
  14  0:35  Spawning Pool  
  14  0:37  Extractor  
  14  0:39  Drone  
  13  0:47  Drone  
  14  0:53  Overlord  
  14  1:22  Zergling x2  
  14  1:23  Queen  
  17  1:31  Roach Warren  
  16  1:35  Drone  
  16  1:38  Extractor  
  16  1:43  Drone  
  17  1:51  Zergling x2  
  18  2:01  Drone  
  19  2:08  Drone  
  20  2:17  Drone  
  20  2:19  Zergling x2  
  22  2:29  Overlord  
  22  2:31  Drone  
  23  2:38  Drone  
  24  2:45  Drone  
  24  2:48  Roach  
  27  4:10  Zergling x2  
  27  6:30  Zergling x2  
  27  6:31  Overlord  
  26  6:37  Overlord  
  23  6:43  Spawning Pool  
Show
View Real Time Build Order
Export as new Build Order

Koda Terran - Winner!

Build Orders:  

Get SALT Encoding   

  12  0:00  SCV  
  13  0:12  SCV  
  14  0:16  Supply Depot  
  14  0:24  SCV  
  15  0:38  SCV  
  15  0:39  Barracks  
  16  0:50  SCV  
  17  1:02  SCV  
  17  1:04  Refinery  
  18  1:14  SCV  
  19  1:26  Marine  
  19  1:27  Orbital Command  
  20  1:36  Command Center  
  20  1:46  Marine  
  21  1:47  Supply Depot  
  21  1:53  SCV  
  22  1:59  Bunker  
  22  2:05  SCV  
  23  2:09  Factory  
  23  2:13  Marine  
  24  2:18  SCV  
  25  2:23  Refinery  
  25  2:30  SCV  
  25  2:32  Marine  
  27  2:42  SCV  
  28  2:48  Orbital Command  
  28  2:51  Barracks Reactor  
  28  2:52  Factory Tech Lab  
  28  2:54  SCV  
  29  3:06  SCV  
  29  3:11  Siege Tank  
  33  3:14  Barracks  
  33  3:15  SCV  
  33  3:18  SCV  
  33  3:19  Refinery  
  35  3:28  SCV, Marine x2  
  35  3:30  SCV  
  39  3:35  Supply Depot  
  39  3:40  SCV  
  40  3:42  Starport  
  40  3:43  SCV  
  40  3:45  Siege Tank  
  44  3:48  Marine x2  
  46  3:56  SCV x2, Supply Depot  
  46  4:02  Barracks Tech Lab  
  48  4:07  Marine x2  
  48  4:08  SCV  
  51  4:11  Supply Depot  
  51  4:13  SCV  
  52  4:20  Viking  
  52  4:21  SCV, Stimpack  
  52  4:22  Marine  
  56  4:26  SCV  
  57  4:32  Marine x2  
  57  4:33  SCV  
  57  4:37  Siege Tank  
  63  4:40  SCV  
  63  4:44  Marine  
  63  4:45  SCV  
  66  4:51  Supply Depot  
  66  4:52  Starport Reactor  
  66  4:55  Command Center  
  66  4:56  SCV  
  67  5:00  Marine  
  67  5:01  Marine  
  67  5:02  SCV  
  70  5:09  Supply Depot  
  70  5:12  Engineering Bay  
  70  5:13  SCV, Marine  
  72  5:16  Engineering Bay  
  72  5:17  SCV  
  72  5:19  Marine  
  74  5:21  Supply Depot, Marine  
  74  5:26  SCV  
  76  5:31  Siege Tank, Medivac  
  76  5:32  Medivac  
  76  5:35  SCV  
  84  5:38  Refinery  
  84  5:43  SCV  
  84  5:46  Marine x3  
  84  5:49  SCV  
  89  5:56  SCV  
  90  6:00  Supply Depot x2  
  90  6:01  SCV  
  91  6:04  Marine  
  91  6:05  Marine x2  
  91  6:08  SCV  
  91  6:09  Supply Depot  
  95  6:14  SCV  
  95  6:15  Armory  
  95  6:17  Supply Depot  
  96  6:20  SCV  
  96  6:22  Marine  
  96  6:23  Siege Tank, Marine x2  
  103  6:26  Orbital Command  
  103  6:28  SCV  
  104  6:33  SCV  
  104  6:39  Supply Depot  
  105  6:40  SCV, Marine  
  105  6:41  Marine x2  
  105  6:45  SCV  
  110  6:53  Barracks x2  
  110  6:56  Barracks  
Tags
 
Add a new tag
Caveats
  • Supply blocks, unpowered buildings, or Contaminate may cause inaccurate times.
  • Supply counts are checked every 10 seconds.